[Event "10th LBHM Open 2024"]
[Site "Pune"]
[Date "2024.05.21"]
[Round "7.9"]
[White "Dutta, Joydeep"]
[Black "Lakshmi Charan Naidu G"]
[Result "1-0"]
[ECO "A06"]
[WhiteElo "2073"]
[BlackElo "1850"]
[PlyCount "95"]
[EventDate "2024.05.21"]
[EventType "swiss"]
[EventCountry "IND"]
[TimeControl "5400+30"]

1. Nf3 c5 2. b3 d5 3. Bb2 Nf6 4. e3 Bf5 5. Be2 h6 6. O-O e6 7. c4 Be7 8. cxd5 exd5 9. d4 O-O 10. dxc5 Bxc5 11. Nc3 Nc6 12. Rc1 Bb4 13. Nb5 Ne4 14. Nbd4 Nxd4 15. Qxd4 Qf6 16. Qxf6 gxf6 17. Nd4 Be6 18. Rc7 Bd6 19. Rxb7 Rfc8 20. Bf3 Nc5 21. Rb5 Kg7 22. Rd1 Kg6 23. h3 f5 24. Ba3 Nb7 25. Rxb7 Bxa3 26. Nb5 Bc5 27. Nc7 Rab8 28. Rxb8 Rxb8 29. Bxd5 Rd8 30. Bf3 Rc8 31. Nd5 Ba3 32. Rd2 Bxd5 33. Bxd5 f6 34. Bc4 Rc7 35. Rd5 f4 36. exf4 Re7 37. g3 Bb4 38. h4 Re1+ 39. Kg2 Ra1 40. h5+ Kg7 41. Rd7+ Kh8 42. Rxa7 Rb1 43. Kf3 Rb2 44. Ke4 Rxf2 45. Kf5 Rg2 46. g4 Bd6 47. Be6 Re2 48. Kg6 1-0

[Event "10th LBHM Open 2024"]
[Site "Pune"]
[Date "2024.05.21"]
[Round "7.10"]
[White "Gorli Nyna"]
[Black "Badrinath, S.."]
[Result "1-0"]
[ECO "B22"]
[WhiteElo "1774"]
[BlackElo "2038"]
[PlyCount "133"]
[EventDate "2024.05.21"]
[EventType "swiss"]
[EventCountry "IND"]
[TimeControl "5400+30"]

1. e4 c5 2. c3 Nf6 3. e5 Nd5 4. Nf3 d6 5. exd6 e6 6. d4 cxd4 7. Nxd4 Bxd6 8. Bd3 Nc6 9. Nxc6 bxc6 10. O-O O-O 11. a3 e5 12. c4 Ne7 13. c5 Bc7 14. Bc4 Nd5 15. Re1 Be6 16. Nd2 h6 17. Nf3 Qf6 18. h3 Rad8 19. Qe2 Rfe8 20. Bd3 Kf8 21. Be4 Bc8 22. Qc2 Qe6 23. Nh4 Ne7 24. Qe2 g5 25. Nf3 f5 26. Bb1 e4 27. Nh2 Nd5 28. Qh5 Qf6 29. h4 Bf4 30. Ba2 Bxc1 31. Raxc1 Nf4 32. hxg5 hxg5 33. Qh7 Rd7 34. Ng4 Rxh7 35. Nxf6 Rhe7 36. Nxe8 Kxe8 37. Bc4 Be6 38. Ba6 Bd5 39. Re3 Ne6 40. Rh3 f4 41. Kf1 Kf7 42. b4 Ke8 43. Rd1 Nc7 44. Rh8+ Kf7 45. Rh7+ Kf6 46. Rxe7 Kxe7 47. Be2 f3 48. gxf3 exf3 49. Bd3 Kf6 50. Kg1 Ne6 51. Bf1 Ke5 52. Kh2 Nd4 53. Rc1 Kf4 54. Bc4 Be4 55. a4 Ne2 56. Re1 Nc3 57. b5 g4 58. b6 axb6 59. cxb6 c5 60. Rxe4+ Nxe4 61. b7 Nxf2 62. b8=Q+ Ke3 63. a5 Ne4 64. a6 g3+ 65. Qxg3 Nxg3 66. Kxg3 Kd4 67. Bf1 1-0

[Event "10th LBHM Open 2024"]
[Site "Pune"]
[Date "2024.05.21"]
[Round "8.1"]
[White "Ghosh, Diptayan"]
[Black "Dere Pushkar"]
[Result "1-0"]
[ECO "A09"]
[WhiteElo "2564"]
[BlackElo "2209"]
[PlyCount "85"]
[EventDate "2024.05.21"]
[EventType "swiss"]
[EventCountry "IND"]
[TimeControl "5400+30"]

1. Nf3 d5 2. g3 g6 3. c4 dxc4 4. Na3 Bg7 5. Nxc4 Nc6 6. d3 e5 7. Bd2 Nge7 8. Bg2 O-O 9. b4 a6 10. O-O Be6 11. Rc1 Rc8 12. a4 Rb8 13. Ng5 Bd5 14. Ne4 f5 15. Nc5 Bxg2 16. Kxg2 Nc8 17. Kg1 Qe7 18. b5 axb5 19. axb5 Nd4 20. Bb4 Qe8 21. Nb3 Rf7 22. Nxd4 exd4 23. Qa4 Bh6 24. Rc2 f4 25. Bc5 fxg3 26. hxg3 Bg7 27. Qb3 Qe6 28. Nd2 Qxb3 29. Nxb3 Rd7 30. Ra1 b6 31. Bb4 Kf7 32. Nd2 Rb7 33. Ne4 h6 34. Rca2 Rd5 35. Ra8 Rxb5 36. Rxc8 Rxb4 37. Rc1 Be5 38. Rc6 Ra7 39. f4 Bd6 40. Kf2 Rb2 41. Kf3 b5 42. Rh8 Raa2 43. Rh7+ 1-0

[Event "10th LBHM Open 2024"]
[Site "Pune"]
[Date "2024.05.21"]
[Round "8.2"]
[White "Neelash Saha"]
[Black "Nitin, S.."]
[Result "1-0"]
[ECO "E71"]
[WhiteElo "2483"]
[BlackElo "2356"]
[PlyCount "59"]
[EventDate "2024.05.21"]
[EventType "swiss"]
[EventCountry "IND"]
[TimeControl "5400+30"]

1. d4 Nf6 2. c4 g6 3. Nc3 Bg7 4. e4 d6 5. h3 O-O 6. Be3 Nc6 7. Nge2 e5 8. d5 Nd4 9. Qd2 a6 10. Nxd4 exd4 11. Bxd4 Re8 12. f3 Bd7 13. Bd3 c5 14. dxc6 bxc6 15. O-O Qa5 16. Rf2 Ng4 17. Bxg7 Nxf2 18. Qh6 Qc5 19. b4 Nxh3+ 20. Kh2 Qh5 21. gxh3 Qxf3 22. Bd4 Re5 23. Be2 Qf6 24. Rf1 Qe7 25. Qf4 a5 26. b5 cxb5 27. cxb5 Rc8 28. Bxe5 dxe5 29. Qg3 Be6 30. b6 1-0

[Event "10th LBHM Open 2024"]
[Site "Pune"]
[Date "2024.05.21"]
[Round "8.3"]
[White "Sharnarthi Viresh"]
[Black "Bhosale Shriraj"]
[Result "1-0"]
[ECO "D73"]
[WhiteElo "2078"]
[BlackElo "2036"]
[PlyCount "137"]
[EventDate "2024.05.21"]
[EventType "swiss"]
[EventCountry "IND"]
[TimeControl "5400+30"]

1. d4 d5 2. c4 c6 3. Nf3 Nf6 4. g3 dxc4 5. Bg2 g6 6. Ne5 Bg7 7. Nxc4 Be6 8. Ne5 Nbd7 9. Nf3 O-O 10. O-O Nb6 11. Nc3 Nbd5 12. Na4 Qc8 13. Ng5 Bg4 14. h3 h6 15. hxg4 hxg5 16. e4 Nb6 17. e5 Nfd5 18. Nc5 Nd7 19. Ne4 Rd8 20. Nxg5 Nf8 21. Bxd5 Rxd5 22. Qf3 f6 23. exf6 exf6 24. Ne4 f5 25. gxf5 Qxf5 26. Qxf5 gxf5 27. Nc3 Rxd4 28. Be3 Rb4 29. Rab1 b6 30. Rfd1 Ne6 31. Rd6 Bxc3 32. Rxe6 Rd8 33. Rc1 Bxb2 34. Rcxc6 Rd7 35. Rg6+ Kf7 36. Rg5 Rb5 37. g4 Ra5 38. gxf5 Rdd5 39. Rh5 Rxf5 40. Rxf5+ Rxf5 41. Rc7+ Ke6 42. Rxa7 Ra5 43. Bxb6 Rxa7 44. Bxa7 Ba3 45. Kg2 Kd5 46. Kf3 Be7 47. Ke3 Bd6 48. Kd3 Kc6 49. Kc4 Bh2 50. Bd4 Bf4 51. a4 Kb7 52. Kb5 Bh2 53. f3 Bf4 54. Bc3 Bc1 55. Kc4 Ka6 56. Kd3 Bf4 57. Bd2 Bc7 58. Ke4 Bd6 59. Bc3 Bg3 60. Be5 Be1 61. f4 Ka5 62. f5 Bh4 63. Kd5 Kxa4 64. Ke6 Kb5 65. Bd6 Kc6 66. Be7 Bf2 67. f6 Bd4 68. f7 Bg7 69. Kf5 1-0

[Event "10th LBHM Open 2024"]
[Site "Pune"]
[Date "2024.05.21"]
[Round "8.4"]
[White "Harshit Ranjan Sahu"]
[Black "Aronyak Ghosh"]
[Result "0-1"]
[ECO "B15"]
[WhiteElo "1945"]
[BlackElo "2536"]
[PlyCount "154"]
[EventDate "2024.05.21"]
[EventType "swiss"]
[EventCountry "IND"]
[TimeControl "5400+30"]

1. e4 c6 2. d4 d5 3. Nc3 dxe4 4. Nxe4 Nf6 5. Nxf6+ exf6 6. Bf4 Qb6 7. Qe2+ Be6 8. c3 Be7 9. Nf3 O-O 10. Qd2 Rd8 11. Be2 c5 12. O-O Nc6 13. Be3 Qc7 14. Rfd1 c4 15. Qe1 b5 16. Nd2 Bd6 17. g3 Bd5 18. Bf3 Ne7 19. Bxd5 Nxd5 20. Qe2 Rac8 21. Rac1 Bf8 22. Re1 Qd7 23. a3 Qf5 24. Qf3 Qxf3 25. Nxf3 f5 26. Bd2 Bd6 27. Kg2 f6 28. h4 h5 29. Nh2 f4 30. Kf3 fxg3 31. fxg3 Kf7 32. Nf1 Re8 33. Bf4 Bf8 34. Ne3 Nb6 35. Rcd1 Na4 36. Rd2 Rcd8 37. Red1 Rd7 38. Rg2 a6 39. g4 hxg4+ 40. Nxg4 Nb6 41. h5 Nd5 42. Bd2 Rde7 43. Rdg1 Re6 44. Rh1 Bd6 45. Rhg1 Bf8 46. Rh1 a5 47. Rhg1 Rb6 48. Ne3 Nxe3 49. Bxe3 Rd6 50. Bf4 Rd7 51. Rg6 Rd5 52. h6 gxh6 53. Bxh6 Bxh6 54. Rxh6 Rf5+ 55. Kg2 Re2+ 56. Kh3 Rxb2 57. Rh7+ Ke6 58. Re1+ Kd6 59. Re8 Rg5 60. Rf7 Rf2 61. Re3 Rg6 62. Ra7 Rf5 63. Kh2 Rh5+ 64. Rh3 Rxh3+ 65. Kxh3 b4 66. Ra6+ Kd7 67. axb4 axb4 68. cxb4 Rg8 69. Rxf6 c3 70. Rf1 Kd6 71. Rc1 Rc8 72. b5 Kd5 73. b6 Kxd4 74. Kg3 Kd3 75. Rd1+ Ke2 76. Rh1 c2 77. b7 Rb8 0-1

[Event "10th LBHM Open 2024"]
[Site "Pune"]
[Date "2024.05.21"]
[Round "8.5"]
[White "Shaun Deon Sequeira"]
[Black "Ratnakaran, K.."]
[Result "0-1"]
[ECO "B00"]
[WhiteElo "1926"]
[BlackElo "2275"]
[PlyCount "114"]
[EventDate "2024.05.21"]
[EventType "swiss"]
[EventCountry "IND"]
[TimeControl "5400+30"]

1. e4 e6 2. d4 b6 3. Nc3 Bb7 4. Nf3 d6 5. Bd3 Nd7 6. O-O Be7 7. Re1 a6 8. a4 h5 9. Qe2 c5 10. d5 e5 11. Rb1 h4 12. Nd2 Bg5 13. Nc4 Rh6 14. Bxg5 Qxg5 15. Qe3 Qd8 16. f4 Bc8 17. fxe5 Nxe5 18. Nxe5 dxe5 19. b4 cxb4 20. Rxb4 Rg6 21. Reb1 Rb8 22. Nd1 Nf6 23. Be2 Bg4 24. Nf2 Bxe2 25. Qxe2 a5 26. R4b3 Kf8 27. Nd3 Qc7 28. Nf2 Kg8 29. Kh1 Nd7 30. Rh3 Rc8 31. c3 Qc4 32. Qxc4 Rxc4 33. Rxh4 Rxc3 34. Kg1 Rc4 35. Rh3 Rxa4 36. Rc3 Nc5 37. Nd3 Ra2 38. Nxc5 Rgxg2+ 39. Kh1 Rxh2+ 40. Kg1 Rag2+ 41. Kf1 bxc5 42. Rxc5 Rd2 43. Kg1 Rhe2 44. Rxa5 Rxe4 45. Rf1 Rg4+ 46. Kh1 f6 47. Ra8+ Kh7 48. Rd8 Rgd4 49. Kg1 Rxd5 50. Rxd5 Rxd5 51. Kf2 g5 52. Ra1 Kg6 53. Kf3 Kf5 54. Ra3 Rd3+ 55. Rxd3 e4+ 56. Ke3 exd3 57. Kxd3 Kf4 0-1

[Event "10th LBHM Open 2024"]
[Site "Pune"]
[Date "2024.05.21"]
[Round "8.6"]
[White "Md Imran"]
[Black "Atharva Kale"]
[Result "1-0"]
[ECO "E11"]
[WhiteElo "2184"]
[BlackElo "1861"]
[PlyCount "61"]
[EventDate "2024.05.21"]
[EventType "swiss"]
[EventCountry "IND"]
[TimeControl "5400+30"]

1. d4 d5 2. Nf3 Nf6 3. c4 e6 4. g3 Bb4+ 5. Bd2 Be7 6. Bg2 O-O 7. O-O Nbd7 8. Bf4 dxc4 9. Qc2 Nd5 10. Qxc4 Nxf4 11. gxf4 Nb6 12. Qc1 Nd5 13. Nc3 Bd6 14. e3 c6 15. Qc2 b6 16. Ne4 Bb7 17. f5 exf5 18. Nxd6 Qxd6 19. Qxf5 Ne7 20. Qg5 Rac8 21. Rac1 h6 22. Qg3 Qb4 23. b3 Nd5 24. Nh4 Ne7 25. Kh1 Kh7 26. Rg1 g6 27. Be4 Ba8 28. Nxg6 fxg6 29. Bxg6+ Nxg6 30. Qxg6+ Kh8 31. Qxh6# 1-0

[Event "10th LBHM Open 2024"]
[Site "Pune"]
[Date "2024.05.21"]
[Round "8.7"]
[White "Daksh Goyal"]
[Black "Dutta, Joydeep"]
[Result "1/2-1/2"]
[ECO "C54"]
[WhiteElo "1910"]
[BlackElo "2073"]
[PlyCount "75"]
[EventDate "2024.05.21"]
[EventType "swiss"]
[EventCountry "IND"]
[TimeControl "5400+30"]

1. e4 e5 2. Nf3 Nc6 3. Bc4 Nf6 4. d3 Bc5 5. c3 d6 6. O-O a6 7. a4 Ba7 8. Re1 O-O 9. h3 h6 10. Nbd2 Nh5 11. Nf1 Qf6 12. b4 Be6 13. Bxe6 fxe6 14. Ra2 Nf4 15. Bxf4 Qxf4 16. N1h2 a5 17. b5 Ne7 18. Qb3 Qf7 19. g3 Rae8 20. Kg2 Bb6 21. Rae2 Kh8 22. h4 Ng8 23. Rf1 Nf6 24. Nd2 Qg6 25. f3 Nh5 26. Ng4 Rxf3 27. Rxf3 Qxg4 28. Qd1 Nf4+ 29. Kh1 Nxe2 30. Qxe2 Qh3+ 31. Qh2 Qxh2+ 32. Kxh2 Kg8 33. Nc4 Rf8 34. Kg2 Rf7 35. g4 g6 36. Rxf7 Kxf7 37. Nxb6 cxb6 38. c4 1/2-1/2

[Event "10th LBHM Open 2024"]
[Site "Pune"]
[Date "2024.05.21"]
[Round "8.8"]
[White "Arpith S Bijoy"]
[Black "Nimay Agrawal"]
[Result "1/2-1/2"]
[ECO "A03"]
[WhiteElo "2011"]
[BlackElo "1856"]
[PlyCount "150"]
[EventDate "2024.05.21"]
[EventType "swiss"]
[EventCountry "IND"]
[TimeControl "5400+30"]

1. b3 d5 2. Bb2 Bf5 3. e3 e6 4. f4 Nf6 5. Nf3 h6 6. Be2 Be7 7. O-O O-O 8. Ne5 Bh7 9. d3 c5 10. Qe1 Ne8 11. Qg3 Bh4 12. Qh3 Bf6 13. Nd2 Nc6 14. Nxc6 bxc6 15. Be5 Nd6 16. Rfd1 Nb5 17. Nb1 Bxe5 18. fxe5 Qg5 19. Qg3 Qxg3 20. hxg3 f6 21. c4 Nc7 22. exf6 Rxf6 23. Nc3 e5 24. Na4 Ne6 25. Rf1 Raf8 26. Rxf6 gxf6 27. Rc1 d4 28. Kf2 e4 29. dxe4 Bxe4 30. Bf3 f5 31. Rh1 Kg7 32. Ke2 Re8 33. Bxe4 fxe4 34. Rh4 d3+ 35. Kd2 Ng5 36. Nxc5 Re5 37. b4 a5 38. a3 axb4 39. axb4 Re8 40. Rf4 Rf8 41. b5 cxb5 42. cxb5 Rb8 43. Rf5 Kg6 44. Rf4 Rxb5 45. Nxe4 Nxe4+ 46. Rxe4 Rb2+ 47. Kxd3 Rxg2 48. Rg4+ Kf5 49. Rg8 h5 50. Rf8+ Ke6 51. Rf3 Ke5 52. e4 Rg1 53. Rf5+ Ke6 54. Rg5 Kf6 55. Rxh5 Rxg3+ 56. Kd4 Ra3 57. Rh6+ Ke7 58. Rh5 Ra4+ 59. Ke3 Ra6 60. Rh7+ Ke8 61. Kf4 Rb6 62. Ra7 Rc6 63. Ke5 Rh6 64. Kd5 Rg6 65. Rc7 Rh6 66. Rb7 Rg6 67. Ke5 Ra6 68. Kf5 Rc6 69. e5 Ra6 70. Rg7 Rb6 71. Ra7 Rc6 72. Ra2 Rb6 73. Rd2 Ke7 74. Rc2 Ra6 75. Rc7+ Ke8 1/2-1/2

[Event "10th LBHM Open 2024"]
[Site "Pune"]
[Date "2024.05.21"]
[Round "8.9"]
[White "Sherla Prathamesh"]
[Black "Bhoir Paras Dilip"]
[Result "1/2-1/2"]
[ECO "A19"]
[WhiteElo "1855"]
[BlackElo "1968"]
[PlyCount "60"]
[EventDate "2024.05.21"]
[EventType "swiss"]
[EventCountry "IND"]
[TimeControl "5400+30"]

1. c4 e6 2. e4 c5 3. Nc3 Nc6 4. g3 Nf6 5. Bg2 d5 6. cxd5 exd5 7. exd5 Nb4 8. d3 Be7 9. Nge2 Nfxd5 10. Nxd5 Nxd5 11. O-O O-O 12. d4 Be6 13. dxc5 Bxc5 14. Nf4 Nxf4 15. Bxf4 Qb6 16. b3 Rad8 17. Qh5 Qa5 18. Be3 b6 19. Bxc5 bxc5 20. Rfc1 Rc8 21. Bd5 Bxd5 22. Qxd5 Rfd8 23. Qc4 h6 24. Rc2 Rd2 25. Qc3 Qxc3 26. Rxc3 Re8 27. Rxc5 Ree2 28. Rf5 Rxa2 29. Rxa2 Rxa2 30. Rb5 a5 1/2-1/2

[Event "10th LBHM Open 2024"]
[Site "Pune"]
[Date "2024.05.21"]
[Round "8.10"]
[White "Roy Chowdhury, Saptarshi"]
[Black "Gorli Nyna"]
[Result "1-0"]
[ECO "A08"]
[WhiteElo "2249"]
[BlackElo "1774"]
[PlyCount "89"]
[EventDate "2024.05.21"]
[EventType "swiss"]
[EventCountry "IND"]
[TimeControl "5400+30"]

1. e4 c5 2. Nf3 e6 3. d3 Nc6 4. g3 g6 5. Bg2 Bg7 6. c3 d5 7. Nbd2 Nf6 8. O-O O-O 9. Re1 Qc7 10. Nf1 b5 11. e5 Nd7 12. Bf4 a5 13. h4 Ba6 14. N1h2 a4 15. Ng4 b4 16. a3 bxc3 17. bxc3 Rfb8 18. Nf6+ Kh8 19. Ng5 Nf8 20. Bxd5 Bb7 21. Bg2 Rd8 22. Rb1 Ra7 23. Rb5 c4 24. d4 Na5 25. Rc5 Qe7 26. Bxb7 Qxb7 27. Qxa4 Nb3 28. Rb5 Qc7 29. Qb4 Rda8 30. d5 h6 31. Nge4 Nd7 32. Nxd7 Qxd7 33. Rb8+ Rxb8 34. Qxb8+ Kh7 35. Nf6+ Bxf6 36. exf6 g5 37. Qf8 Kg6 38. Qg7+ Kf5 39. Re5+ Kg4 40. Kg2 Qxd5+ 41. Rxd5 exd5 42. hxg5 Kf5 43. gxh6 Ke6 44. h7 Ra8 45. h8=Q 1-0

[Event "10th LBHM Open 2024"]
[Site "Pune"]
[Date "2024.05.22"]
[Round "9.1"]
[White "Neelash Saha"]
[Black "Ghosh, Diptayan"]
[Result "1/2-1/2"]
[ECO "E05"]
[WhiteElo "2483"]
[BlackElo "2564"]
[Annotator "RC"]
[PlyCount "31"]
[EventDate "2024.05.21"]
[EventType "swiss"]
[EventCountry "IND"]
[SourceTitle "playchess.com"]
[Source "ChessBase"]
[SourceQuality "1"]
[TimeControl "5400+30"]

1. d4 Nf6 2. c4 e6 3. Nf3 d5 4. g3 Be7 5. Bg2 O-O 6. O-O dxc4 7. Qc2 a6 8. Qxc4 b5 9. Qc2 Bb7 10. Bd2 Be4 11. Qc1 Bb7 12. Qc2 Be4 13. Qc1 Bb7 14. Qc2 Be4 15. Qc1 Bb7 16. Qc2 1/2-1/2

[Event "10th LBHM Open 2024"]
[Site "Pune"]
[Date "2024.05.22"]
[Round "9.2"]
[White "Aronyak Ghosh"]
[Black "Md Imran"]
[Result "1-0"]
[ECO "A33"]
[WhiteElo "2536"]
[BlackElo "2184"]
[Annotator "TA"]
[PlyCount "73"]
[EventDate "2024.05.21"]
[EventType "swiss"]
[EventCountry "IND"]
[SourceTitle "playchess.com"]
[Source "ChessBase"]
[SourceQuality "1"]
[TimeControl "5400+30"]

1. c4 c5 2. Nf3 Nf6 3. d4 cxd4 4. Nxd4 Nc6 5. Nc3 e6 6. g3 Qb6 7. Nb3 Ne5 8. e4 Bb4 9. Qe2 Qc6 (9... d6 $1 $11) 10. Bd2 (10. f4 {with more complications.} Nxe4 11. Bg2 Nxc3 12. bxc3 Bxc3+ 13. Bd2) 10... b6 {[%emt 0:01:12] [#]} (10... Bxc3 $142 11. Bxc3 d6) 11. f4 $1 $16 Ng6 {[%emt 0:02:30] White is clearly better.} 12. Bg2 {[%emt 0:02:09] And now e5 would win.} Bb7 13. Nd4 Qc5 (13... Qc8 $16) 14. e5 Bxg2 15. Qxg2 Nxe5 16. fxe5 (16. Qxa8+ Ke7 $14) 16... Qxe5+ 17. Nde2 Rc8 18. a3 Bxc3 19. Bxc3 Qe4 20. Qxe4 Nxe4 21. Bxg7 Rg8 22. Bh6 {[%emt 0:00:55] Strongly threatening b3.} Rxc4 23. Rc1 Rxc1+ 24. Bxc1 Ke7 25. Nc3 Nxc3 26. bxc3 {[%emt 0:00:03][%mdl 4096] Endgame. KRB-KR} Rc8 (26... e5 $16) 27. Kd2 $18 e5 28. Kd3 Ke6 29. Be3 d5 30. a4 h5 31. Ra1 Rc6 (31... Rc4 $142 32. a5 h4 33. axb6 axb6) 32. a5 bxa5 33. Rxa5 ({Don't play} 33. Bxa7 $6 Ra6 34. Bc5 a4 $16) 33... a6 34. Ra4 Kf5 35. Rh4 Kg6 36. g4 hxg4 $2 {[%emt 0:00:04] [#]} (36... Kg7 $18 37. Rxh5 (37. gxh5 f5 $18) 37... f6) 37. Rh6+ {[%emt 0:00:02] Weighted Error Value: White=0.08 (flawless) /Black=0.47.  Mistake:       	---       	Black=5      OK:         	White=11    	Black=10     Best:        	White=1     	Black=2      Strong:       	White=1     	---} 1-0

[Event "10th LBHM Open 2024"]
[Site "Pune"]
[Date "2024.05.22"]
[Round "9.3"]
[White "Ratnakaran, K.."]
[Black "Sharnarthi Viresh"]
[Result "1-0"]
[ECO "B50"]
[WhiteElo "2275"]
[BlackElo "2078"]
[Annotator "RC"]
[PlyCount "97"]
[EventDate "2024.05.21"]
[EventType "swiss"]
[EventCountry "IND"]
[SourceTitle "playchess.com"]
[Source "ChessBase"]
[SourceQuality "1"]
[TimeControl "5400+30"]

1. e4 c5 2. Nf3 d6 3. c3 Nf6 4. h3 Nc6 5. Bd3 g6 6. O-O Bg7 7. Re1 O-O 8. Bf1 e5 9. d3 d5 10. Nbd2 h6 11. exd5 Nxd5 12. Nc4 Re8 13. a4 b6 14. Nfd2 f5 15. Nf3 Qc7 16. d4 cxd4 17. cxd4 e4 18. Nfe5 Nxe5 19. Nxe5 Bxe5 20. dxe5 Be6 21. Bxh6 Qxe5 22. Qd2 Kf7 23. f3 Nf6 24. Bf4 Qd5 25. Qf2 exf3 26. gxf3 Qb3 27. Be5 Rac8 28. a5 Rc2 29. Qh4 Nh5 30. Ra3 Qd5 31. axb6 axb6 32. Rae3 Qc5 33. b4 Qd5 34. Qg5 Qd8 35. Qh6 Rg8 36. Ra3 Qe7 37. Ra6 Qb7 38. Qe3 Re8 39. Rxb6 Qd5 40. Rd6 Qb7 41. b5 Re7 42. b6 f4 43. Bxf4 Nxf4 44. Qxf4+ Bf5 45. Qh4 Be6 46. Qh7+ Kf6 47. Rexe6+ Kf5 48. Qxg6+ Kf4 49. Qg4# 1-0

[Event "10th LBHM Open 2024"]
[Site "Pune"]
[Date "2024.05.22"]
[Round "9.4"]
[White "Nitin, S.."]
[Black "Daksh Goyal"]
[Result "1-0"]
[ECO "A07"]
[WhiteElo "2356"]
[BlackElo "1910"]
[Annotator "TA"]
[PlyCount "74"]
[EventDate "2024.05.21"]
[EventType "swiss"]
[EventCountry "IND"]
[SourceTitle "playchess.com"]
[Source "ChessBase"]
[SourceQuality "1"]
[TimeControl "5400+30"]

1. Nf3 d5 2. g3 Nf6 3. Bg2 c6 4. O-O Bg4 5. d3 Nbd7 6. h3 Bh5 7. Qe1 e5 8. e4 dxe4 9. dxe4 Be7 10. Nbd2 O-O 11. Nc4 Qc7 12. a4 Rfe8 {[%emt 0:06:32] White is slightly better.} 13. Nh4 Rad8 14. Bd2 Nc5 15. Nf5 Bf8 16. Bg5 Ne6 17. Bxf6 gxf6 18. c3 Rd7 (18... a5 $11) 19. b4 $14 Red8 20. a5 b5 21. axb6 axb6 22. Nce3 b5 23. Ra6 Rb8 (23... Ng5 $14) 24. h4 Rb6 25. Ra2 Rb7 {[%emt 0:02:15] [#]} 26. f4 exf4 27. gxf4 {[%emt 0:00:09] Qg3+ would now be deadly.} Nxf4 $2 ({Better is} 27... Ra7 $14 28. Rxa7 Qxa7) 28. Qg3+ $18 Ng6 29. Qxc7 Rbxc7 {[%emt 0:03:05] [#]} 30. Ng3 $1 {[%emt 0:00:06][%csl LRf6,LRh5] Excellent horsemanship.} Rd3 (30... Bh6 $2 31. Ra8+ (31. Nef5 Bf8 $18) 31... Bf8 32. Nxh5 $18) 31. Nxh5 Rxe3 32. Ra8 {[%emt 0:02:52] Prevents Rc8.} (32. Nxf6+ $18 {is the precise move to win.} Kh8 33. Ra8) 32... Kh8 $2 {[%emt 0:02:02] Loses the game.} (32... Rxc3 $2 {is the wrong capture.} 33. Nxf6+ Kg7 (33... Kh8 $2 34. h5 $18) 34. Ne8+ Kh6 35. Nxc7 $18) (32... Re7 $16 {keeps fighting.}) 33. Nxf6 {[%emt 0:04:15] aiming for h5.} h5 34. Nxh5 {[%emt 0:00:45] Strongly threatening Nf6.} c5 35. Nf4 {[%emt 0:04:08] White is clearly winning.} Nxf4 36. Rxf4 cxb4 37. cxb4 ({Worse is} 37. Rxf8+ Kg7 38. Kf2 Kxf8 39. Kxe3 bxc3 $11) 37... Rc1+ {[%emt 0:00:32] Weighted Error Value: White=0.15 (very precise) /Black=0.51.  Loses game:     	---       	Black=2      Missed win:     	White=1     	---        Mistake:       	White=1     	Black=2      Inaccurate:     	---       	Black=2      OK:         	White=11    	Black=7      Best:        	White=3     	Black=1      Strong:       	White=1     	---} 1-0

[Event "10th LBHM Open 2024"]
[Site "Pune"]
[Date "2024.05.22"]
[Round "9.5"]
[White "Agnivo Chakraborty"]
[Black "Roy Chowdhury, Saptarshi"]
[Result "1/2-1/2"]
[ECO "B32"]
[WhiteElo "1871"]
[BlackElo "2249"]
[Annotator "RC"]
[PlyCount "61"]
[EventDate "2024.05.21"]
[EventType "swiss"]
[EventCountry "IND"]
[SourceTitle "playchess.com"]
[Source "ChessBase"]
[SourceQuality "1"]
[TimeControl "5400+30"]

1. e4 c5 2. Nf3 Nc6 3. d4 cxd4 4. Nxd4 e5 5. Nb5 d6 6. c4 Be7 7. N1c3 a6 8. Na3 f5 9. exf5 Bxf5 10. Nc2 Nf6 11. Ne3 Be6 12. Bd3 O-O 13. O-O Qd7 14. Ne4 Kh8 15. Nxf6 Bxf6 16. Be4 Rad8 17. a4 Qf7 18. Nd5 Nd4 19. Be3 Bxd5 20. Bxd5 Qc7 21. a5 Rb8 22. b4 b5 23. axb6 Rxb6 24. Bd2 Qe7 25. Qg4 g6 26. Ra3 Nf5 27. Rh3 Qe8 28. Re1 Bg7 29. f4 Rb8 30. Bc3 Ne7 31. Qh4 1/2-1/2

[Event "10th LBHM Open 2024"]
[Site "Pune"]
[Date "2024.05.22"]
[Round "9.6"]
[White "Dere Pushkar"]
[Black "Banik Hrishikesh Kumar"]
[Result "1-0"]
[ECO "C54"]
[WhiteElo "2209"]
[BlackElo "1869"]
[Annotator "RC"]
[PlyCount "97"]
[EventDate "2024.05.21"]
[EventType "swiss"]
[EventCountry "IND"]
[SourceTitle "playchess.com"]
[Source "ChessBase"]
[SourceQuality "1"]
[TimeControl "5400+30"]

1. e4 e5 2. Nf3 Nc6 3. Bc4 Bc5 4. c3 Nf6 5. d3 d6 6. Bg5 h6 7. Bh4 g5 8. Bg3 a6 9. a4 Ba7 10. Nbd2 Qe7 11. b4 a5 12. b5 Nd8 13. O-O h5 14. h4 g4 15. Ne1 Ne6 16. Ba2 Nf8 17. Nc4 Ng6 18. Nc2 Be6 19. N2e3 Bxe3 20. Nxe3 Nd7 21. d4 exd4 22. cxd4 Bxa2 23. Nf5 Qf6 24. Rxa2 Ne7 25. Ne3 Qe6 26. Rc2 Rc8 27. Qd3 Nf6 28. e5 dxe5 29. Bxe5 O-O 30. Rxc7 Rxc7 31. Bxc7 Nfd5 32. Nxd5 Nxd5 33. Bxa5 Ra8 34. Re1 Qf6 35. Qe4 Rxa5 36. Qxd5 Rxa4 37. Qxh5 Kf8 38. Re4 b6 39. Qxg4 Ra1+ 40. Kh2 Qxf2 41. Qc8+ Kg7 42. Rg4+ Kf6 43. Qh8+ Ke6 44. d5+ Kxd5 45. Qxa1 f5 46. Qd1+ Kc5 47. Qc1+ Kxb5 48. Qc4+ Ka5 49. Qa4# 1-0

[Event "10th LBHM Open 2024"]
[Site "Pune"]
[Date "2024.05.22"]
[Round "9.7"]
[White "Koustuv Dash"]
[Black "Sherla Prathamesh"]
[Result "1/2-1/2"]
[ECO "A84"]
[WhiteElo "2133"]
[BlackElo "1855"]
[Annotator "RC"]
[PlyCount "148"]
[EventDate "2024.05.21"]
[EventType "swiss"]
[EventCountry "IND"]
[SourceTitle "playchess.com"]
[Source "ChessBase"]
[SourceQuality "1"]
[TimeControl "5400+30"]

1. d4 e6 2. c4 f5 3. Nf3 Nf6 4. Nc3 b6 5. g3 Bb7 6. Bg2 Bb4 7. Bd2 O-O 8. O-O Bxc3 9. Bxc3 Be4 10. Rc1 Qe8 11. d5 exd5 12. Bxf6 Rxf6 13. cxd5 c6 14. dxc6 dxc6 15. Qa4 Nd7 16. Rfd1 Nc5 17. Qd4 Ne6 18. Qe5 Bd5 19. Nh4 Bxg2 20. Kxg2 Nf8 21. Nf3 Qf7 22. b3 Re8 23. Qb2 Qe7 24. Rd2 Rd6 25. Rxd6 Qxd6 26. Qc2 Qe6 27. Qxc6 Qxc6 28. Rxc6 Rxe2 29. a4 Re4 30. Rc7 a5 31. Rc8 g6 32. Ng5 Re7 33. Rb8 h6 34. Nf3 Re6 35. Nd4 Rf6 36. Nb5 Rc6 37. Rb7 Ne6 38. Na7 Rc7 39. Rxb6 Rxa7 40. Rxe6 Kf7 41. Rb6 Rc7 42. Kf3 Rc3+ 43. Kf4 Rc2 44. Ke3 Rc3+ 45. Kd4 Rf3 46. Ke5 Rxf2 47. Rb7+ Ke8 48. Rg7 g5 49. Ra7 f4 50. Rxa5 Rxh2 51. gxf4 gxf4 52. Kxf4 Rh4+ 53. Ke3 Rh3+ 54. Kd4 Rxb3 55. Kc4 Rh3 56. Rd5 Kf7 57. a5 Ra3 58. Kb5 Kg6 59. a6 h5 60. Kb6 Re3 61. a7 Re8 62. Ra5 h4 63. Kb7 Re7+ 64. Kc6 Re8 65. a8=Q Rxa8 66. Rxa8 Kf5 67. Kd5 h3 68. Rh8 Kg4 69. Ke4 Kg3 70. Ke3 Kg2 71. Rg8+ Kf1 72. Rh8 Kg2 73. Rg8+ Kf1 74. Kf3 h2 1/2-1/2

[Event "10th LBHM Open 2024"]
[Site "Pune"]
[Date "2024.05.22"]
[Round "9.8"]
[White "Dutta, Joydeep"]
[Black "Nimay Agrawal"]
[Result "1/2-1/2"]
[ECO "D40"]
[WhiteElo "2073"]
[BlackElo "1856"]
[Annotator "RC"]
[PlyCount "60"]
[EventDate "2024.05.21"]
[EventType "swiss"]
[EventCountry "IND"]
[SourceTitle "playchess.com"]
[Source "ChessBase"]
[SourceQuality "1"]
[TimeControl "5400+30"]

1. Nf3 d5 2. d4 Nf6 3. c4 e6 4. e3 Be7 5. Bd3 O-O 6. O-O c5 7. Nc3 Nc6 8. dxc5 dxc4 9. Bxc4 Bxc5 10. a3 Qxd1 11. Rxd1 b6 12. b4 Be7 13. Bb2 Bb7 14. Rac1 Rfd8 15. Kf1 Rac8 16. Be2 Kf8 17. Ke1 a6 18. Na4 Rxd1+ 19. Kxd1 Nd7 20. b5 axb5 21. Bxb5 Ncb8 22. Rxc8+ Bxc8 23. Ne5 Nxe5 24. Bxe5 Bd7 25. Bxd7 Nxd7 26. Bc7 Bxa3 27. Nxb6 Nxb6 28. Bxb6 Ke7 29. Kc2 Bd6 30. h3 g6 1/2-1/2